 Dungeon Crawl Stone Soup version 0.29-a0-25-g7f48f510a0 (webtiles) character file.

Game seed: 7225098091886808650

241 ragingrage the Ogre Mage (level 6, -3/53 HPs)
             Began as an Ogre Fire Elementalist on Feb 1, 2022.
             Slain by Sigmund (10 damage)
             ... on level 4 of the Dungeon.
             The game lasted 00:04:39 (4628 turns).

ragingrage the Ogre Mage (Ogre Fire Elementalist)   Turns: 4628, Time: 00:04:39

Health: -3/53      AC:  3    Str: 13    XL:     6   Next: 8%
Magic:  12/12      EV:  9    Int: 18    God:
Gold:   258        SH:  0    Dex:  9    Spells: 10/13 levels left

rFire   . . .      SeeInvis .   a - +2 hunting sling (flame)
rCold   . . .      Faith    .   (no shield)
rNeg    . . .      Spirit   .   e - +0 robe
rPois   .          Reflect  .   (helmet restricted)
rElec   .          Harm     .   (no cloak)
rCorr   .          Rampage  .   (gloves unavailable)
Will    .....                   (boots unavailable)
Stlth   +.........              (no amulet)
HPRegen 0.17/turn               (no ring)
MPRegen 0.13/turn               (no ring)

@: mighty
A: large, unfitting armour, tough skin 1, hooves 2
a: no special abilities


You were on level 4 of the Dungeon.
You visited 1 branch of the dungeon, and saw 4 of its levels.

You collected 258 gold pieces.

Inventory:

Hand Weapons
 a - a +2 hunting sling of flaming (weapon)
 b - a +0 short sword
Missiles
 d - 9 sling bullets
 f - 124 stones (quivered ammo)
 i - 2 throwing nets
Armour
 e - a +0 robe (worn)
Scrolls
 c - 3 scrolls of magic mapping {unknown}
 h - a scroll of identify {unknown}


   Skills:
 - Level 1.7 Dodging
 - Level 1.4 Stealth
 + Level 4.3 Spellcasting
 + Level 3.1 Conjurations
 + Level 4.1 Fire Magic


You had 10 spell levels left.
You knew the following spells:

 Your Spells              Type           Power      Damage    Failure   Level
a - Foxfire               Conj/Fire      64%        2x1d7     3%          1
b - Scorch                Fire           36%        2d7       4%          2

Your spell library contained the following spells:

 Spells                   Type           Power      Damage    Failure   Level
 Conjure Flame            Conj/Fire      16%        6-21      10%         3
 Inner Flame              Hex/Fire       11%        N/A       19%         3
 Sublimation of Blood     Necr           3%         N/A       22%         2
 Wereblood                Tmut           3%         N/A       22%         2
 Flame Wave               Conj/Fire      16%        2d6       32%         4
 Summon Guardian Golem    Hex/Summ       3%         N/A       38%         3
 Orb of Destruction       Conj           7%         9d6       100%        7
 Spellforged Servitor     Conj/Summ      4%         N/A       100%        7
 Summon Hydra             Summ           1%         N/A       100%        7


Dungeon Overview and Level Annotations

Branches:
Dungeon (4/15)
 Temple: D:4-7

Altars:
Ashenzari
Qazlal

Annotations:
D:4 Ijyb, Sigmund


Innate Abilities, Weirdness & Mutations

You are too large for most types of armour.
You have tough skin. (AC +1)
You have hoof-like feet.


Message History

Sigmund closely misses you.
Non-targeted confused fire: 129 stones
Press: ? - help, Q - select action, (/) - cycle Dir - look around, f - activate You shoot a stone.
Sigmund casts a spell at you. The puff of flame hits you!
Non-targeted confused fire: 128 stones
Press: ? - help, Q - select action, (/) - cycle Dir - look around, f - activate You shoot a stone.
Sigmund hits you from afar with a +0 scythe.
Non-targeted confused fire: 127 stones
Press: ? - help, Q - select action, (/) - cycle Dir - look around, f - activate You shoot a stone.
Sigmund hits you from afar with a +0 scythe!
Non-targeted confused fire: 126 stones
Press: ? - help, Q - select action, (/) - cycle Dir - look around, f - activate You shoot a stone.
Sigmund gestures wildly while chanting.
Sigmund flickers and vanishes!
Deactivating autopickup; reactivate with Ctrl-A.
Non-targeted confused fire: 125 stones
Press: ? - help, Q - select action, (/) - cycle Dir - look around, f - activate You shoot a stone.
You feel less confused. Something hits you!
You see here an adder corpse.
You hear some strange, mumbled words.
You are confused.
You bump into the rock wall.
Something hits you!
* * * LOW HITPOINT WARNING * * *
You're too confused to move!
Something hits you.
* * * LOW HITPOINT WARNING * * *
You aren't carrying any potions.
You are too confused!
You feel less confused. Something hits you.
* * * LOW HITPOINT WARNING * * *
Something hits you!
You die...

##.#################
............(†.....#
##.#############@###
##.###.##.# #.#
........#.#### #.#
.............# #.#
.#.##...#..#.# #.#
.####...#..#.# #.#
....>...#..#.# #.#
.###....#....###.#
.................#


There were no monsters in sight!

Vanquished Creatures
  Natasha (D:4)
  Robin (D:2)
  4 gnolls
  7 adders
  4 worms
  4 dart slugs
  8 orcs
  5 endoplasms
  11 goblins
  7 hobgoblins
  7 kobolds
  2 quokkas
  6 ball pythons
  4 bats
  3 frilled lizards
  10 rats
84 creatures vanquished.

Vanquished Creatures (others)
  A hobgoblin (D:3)
  134 foxfires
135 creatures vanquished.

Grand Total: 219 creatures vanquished

Notes
Turn   | Place    | Note
-------+----------+-------------------------------------------
     0 | D:1      | ragingrage the Ogre Fire Elementalist began the quest for
                  | the Orb.
     0 | D:1      | Reached XP level 1. HP: 16/16 MP: 3/3
    92 | D:1      | Reached skill level 1 in Conjurations
   325 | D:1      | Reached XP level 2. HP: 24/24 MP: 3/5
   804 | D:1      | Learned a level 2 spell: Scorch
  1332 | D:2      | Reached XP level 3. HP: 31/31 MP: 5/7
  1367 | D:2      | Found a stormy altar of Qazlal.
  1478 | D:2      | HP: 1/31 [adder (3)]
  2173 | D:2      | Reached XP level 4. HP: 39/39 MP: 7/9
  2793 | D:3      | Noticed Robin
  2803 | D:2      | Killed Robin
  3303 | D:3      | Reached XP level 5. HP: 45/45 MP: 10/10
  3404 | D:3      | Found a faded altar of an unknown god.
  3456 | D:3      | Found a broken altar of Ashenzari.
  4046 | D:4      | Noticed Ijyb
  4273 | D:4      | Noticed Natasha
  4281 | D:4      | Killed Natasha
  4499 | D:4      | Reached XP level 6. HP: 53/53 MP: 8/12
  4598 | D:4      | Noticed Sigmund
  4610 | D:4      | Gained mutation: You have large cloven feet. [potion of
                  | mutation]
  4610 | D:4      | Gained mutation: You have hoof-like feet. [potion of
                  | mutation]
  4628 | D:4      | Slain by Sigmund

Illustrated notes

Levels and vault maps discovered:
D:1:      wander_arrival_desolate, layout_basic, minmay_misc_feat_tiny
D:2:      layout_rooms, basic_altar, kennysheep_pointless_box,
          kennysheep_cross_room, minmay_divided_ellipse
D:3:      layout_loops_ring, evilmike_ruin_ashenzari, basic_ecumenical_altar,
          uniq_robin
D:4:      layout_basic, amcnicky_mini_pool_small, hangedman_decor_slide_cut,
          grunt_ministairs_4, amcnicky_mini_corridor_feature, chequers_garden,
          uniq_sigmund, uniq_ijyb, uniq_blork_the_orc, uniq_natasha, uniq_edmund

Skill      XL: |  1  2  3  4  5 |
---------------+----------------+-----
Conjurations   | 1 2 3 |  3.1
Fire Magic     | 3 4 |  4.1
Spellcasting   | 3 4 |  4.3
Dodging        | |  1.7
Stealth        | |  1.4

Action                   |  1- 3 |  4- 6 || total
-------------------------+-------+-------++-------
Melee: Short sword       |    16 |     2 ||    18
       Unarmed           |     3 |       ||     3
 Fire: Hunting sling     |    30 |    92 ||   122
 Cast: Foxfire           |    43 |    39 ||    82
       Scorch            |     6 |    16 ||    22
  Use: Potion            |     1 |     3 ||     4
Armor: Robe              |     9 |     6 ||    15
Dodge: Dodged            |    17 |    18 ||    35

Table legend: (Time is in decaauts)
 A = Elapsed time spent in this place.
 B = Non-inter-level travel time spent in this place.
 C = Inter-level travel time spent in this place.
 D = Time resting spent in this place.
 E = Time spent auto-exploring this place.
 F = Levels seen in this place.
 G = Mean time per level.
                   A        B        C        D        E       F      G
               +--------+--------+--------+--------+--------+-----+--------+
         Total |   4663 |   4409 |    254 |   1227 |   2582 |   4 | 1165.8 |
       Dungeon |   4663 |   4409 |    254 |   1227 |   2582 |   4 | 1165.8 |
               +--------+--------+--------+--------+--------+-----+--------+

Top non-repeatable levels by time:
     D:2: 1803 daAuts
     D:1: 1330 daAuts
     D:3: 1007 daAuts
     D:4: 521 daAuts
